 Dungeon Crawl Stone Soup version 0.26.1-11-gd32895ea62 (webtiles) character file.

Game seed: 6337008197146893877

190836 Hank the Bludgeoner (level 17, -22/161 HPs)
             Began as a Minotaur Fighter on July 5, 2021.
             Was a High Priest of Okawaru.
             Annihilated by a tentacled starspawn (25 damage)
             ... on level 3 of the Abyss on July 7, 2021.
             The game lasted 03:16:01 (43058 turns).

Hank the Bludgeoner (Minotaur Fighter)             Turns: 43058, Time: 03:16:10

Health: -22/161    AC: 37    Str: 25    XL:     17   Next: 99%
Magic:  19/19      EV:  7    Int:  3    God:    Okawaru [*****.]
Gold:   3855       SH: 29    Dex: 11    Spells: 16/16 levels left

rFire    . . .     SeeInvis +   y - +6 morningstar (vorpal)
rCold    + . .     Faith    .   m - +2 tower shield
rNeg     . . .     Spirit   .   J - +1 crystal plate armour
rPois    +         Reflect  +   k - +2 hat {SInv}
rElec    .         Harm     .   s - +0 cloak {rPois}
rCorr    +         Rampage  .   G - +2 pair of gloves
Will     +++..                  C - +2 pair of boots of the Game Afoot {rC+ rCorr Int+2}
Stlth    ..........             P - amulet of reflection
HPRegen  0.36/turn              o - +4 ring of evasion
MPRegen  0.16/turn              q - ring of willpower

@: lethally poisoned (-22 -> -23), constricted
A: retaliatory headbutt, horns 2, clumsy 1, [dopey 2], [low mp 1], strong-willed
1, [screaming 2], [subdued magic 1]
a: Renounce Religion, Heroism, Finesse


You were on level 3 of the Abyss.
You worshipped Okawaru.
Okawaru was extremely pleased with you.
You visited 5 branches of the dungeon, and saw 28 of its levels.
You visited the Abyss 1 time.
You also visited: Bailey, Gauntlet and Ice Cave.

You collected 6568 gold pieces.
You spent 2713 gold pieces at shops.

Inventory:

Hand Weapons
 c - a +0 vampiric demon whip
 y - a +6 vorpal morningstar (weapon)
Missiles
 a - 8 silver javelins (quivered)
 p - 48 javelins
 w - a curare-tipped dart
 I - 11 datura-tipped darts
 V - 5 throwing nets
Armour
 k - a +2 hat of see invisible (worn)
 m - a +2 tower shield (worn)
 s - a +0 cloak of poison resistance (worn)
 C - the +2 pair of boots of the Game Afoot (worn) {rC+ rCorr Int+2}
   (Okawaru gifted it to you on level 2 of the Orcish Mines)

   It affects your intelligence (+2).
   It protects you from cold.
   It provides partial protection from all sources of acid and corrosion.
 G - a +2 pair of gloves (worn)
 J - a +1 crystal plate armour (worn)
Jewellery
 o - a +4 ring of evasion (left hand)
 q - a ring of willpower (right hand)
 F - an uncursed ring of protection from cold
 P - an amulet of reflection (around neck)
 R - an uncursed ring of flight
Wands
 d - a wand of paralysis (10)
 E - a wand of digging (20)
Scrolls
 g - 6 scrolls of fog
 j - 22 scrolls of teleportation
 n - 3 scrolls of summoning
 v - 12 scrolls of remove curse
 x - a scroll of identify
 z - 4 scrolls of magic mapping
 H - 4 scrolls of fear
Potions
 b - 3 potions of haste
 e - 3 potions of flight
 f - 9 potions of curing
 l - 5 potions of lignification
 t - 3 potions of resistance
 D - 3 potions of cancellation
 M - 5 potions of berserk rage
Miscellaneous
 h - a lightning rod (4/4)
 i - a box of beasts (inert)
 r - a phantom mirror (inert)
 O - a phial of floods (inert)


   Skills:
 * Level 17.2 Fighting
 * Level 18.2 Maces & Flails
 + Level 8.4 Throwing
 * Level 17.4 Armour
 - Level 3.3 Dodging
 - Level 2.2 Stealth
 * Level 18.0 Shields
 - Level 8.2 Invocations
 - Level 3.4 Evocations


You had 16 spell levels left.
You didn't know any spells.
Your spell library contained the following spells:

 Spells                   Type           Power        Failure   Level
 Animate Skeleton         Necr           0%           100%        1
 Apportation              Tloc           0%           100%        1
 Corona                   Hex            0%           100%        1
 Foxfire                  Conj/Fire      0%           100%        1
 Pain                     Necr           0%           100%        1
 Shock                    Conj/Air       0%           100%        1
 Summon Small Mammal      Summ           0%           100%        1
 Poisonous Vapours        Pois/Air       0%           100%        2
 Swiftness                Air            0%           100%        2
 Conjure Flame            Conj/Fire      0%           100%        3
 Inner Flame              Hex/Fire       0%           100%        3
 Mephitic Cloud           Conj/Pois/Air  0%           100%        3
 Static Discharge         Conj/Air       0%           100%        3
 Vampiric Draining        Necr           0%           100%        3
 Airstrike                Air            0%           100%        4
 Animate Dead             Necr           0%           100%        4
 Sticky Flame             Conj/Fire      0%           100%        4
 Agony                    Necr           0%           100%        5
 Bolt of Magma            Conj/Fire/Erth 0%           100%        5
 Fireball                 Conj/Fire      0%           100%        5
 Iskenderun's Battlesphe  Conj           0%           100%        5
 Lightning Bolt           Conj/Air       0%           100%        5
 Freezing Cloud           Conj/Ice/Air   0%           100%        6
 Iron Shot                Conj/Erth      0%           100%        6
 Orb of Destruction       Conj           0%           100%        7
 Spellforged Servitor     Conj/Summ      0%           100%        7


Dungeon Overview and Level Annotations

Branches:
Dungeon (15/15)            Temple (1/1) D:7            Lair (6/6) D:8
  Swamp (0/4) Lair:4       Spider (4/4) Lair:3        Slime (0/5) Lair:5
    Orc (2/2) D:10            Elf (0/3) Orc:2        Vaults (0/5) D:14
 Depths (0/5) D:15         Bailey (visited)           IceCv (visited)
Gauntlet (visited)

Altars:
Ashenzari
Cheibriados
Dithmenos
Elyvilon
Fedhas
Gozag
Hepliaklqana
Kikubaaqudgha
Makhleb
Nemelex Xobeh
Okawaru
Qazlal
Ru
Sif Muna
Trog
Uskayaw
Vehumet
Wu Jian
Xom
Yredelemnul
Zin
The Shining One
Jiyva

Shops:
D:8 *   D:9 *   D:10 *   D:14 ?   Orc:1 !   Orc:2 =((:

Portals:
Hell: Lair:6

Annotations:
D:9 exclusion: oklob plant
Spider:3 Louise
Spider:4 3 runed translucent doors, Bolleh's ghost, journeyman GnSk; Loreb's ghost, adept MiMo; Zosacw's ghost, adept HaHu


Innate Abilities, Weirdness & Mutations

You reflexively headbutt those who attack you in melee.
You have a pair of horns on your head.
You are clumsy. (Dex -2)
You are strong-willed. (Will+)
[You are very dopey. (Int -4)]
[Your magical capacity is low. (-10% MP)]
[You sometimes yell uncontrollably at your foes.]
[Your spells are a little easier to cast, but a little less powerful.]


Message History

The tentacled starspawn engulfs you but does no damage.
* * * LOW HITPOINT WARNING * * *
The starspawn tentacle constricts you.
You feel sick. The tentacled starspawn bites you!
* * * LOW HITPOINT WARNING * * *
The tentacled starspawn engulfs you but does no damage.
The starspawn tentacle constricts you.
You can move again.
You see here an apocalypse crab corpse.
Unknown command.
Unknown command.
Unknown command.
Unknown command.
Blink to where?
Press: ? - help, Dir - move target The starspawn tentacle's grasp on you weakens, but your attempt to escape fails.
As you read the scroll of blinking, it crumbles to dust.
You block the tentacled starspawn's attack.
The tentacled starspawn engulfs you!!
You die...

.. . # . ##.. #.
##. .───
#.####Λ.##/.##X
#. ##/#w#/.───.
#..#.§#.w./## ##
#..○§#@#/..#
##.###.○#☼Xww#
###.........R###
.....####..# . #
.. . ...# # #. .
.. #..#.. ### ..
##..##. # # #..
## # # . # .#


You could see 2 tentacled starspawn, an efreet (agile) and 4 starspawn
tentacles.

Vanquished Creatures
  A bone dragon (D:14)
  2 liches (Abyss:3)
  Jorgrun (Spider:2)
  An Executioner (Abyss:3)
  Kirke (D:12)
  A deep elf sorcerer (Abyss:3)
  A ghost moth (Spider:3)
  A cacodemon (Abyss:3)
  An entropy weaver (Spider:2)
  A spark wasp (Spider:1)
  A minotaur (Gauntlet)
  Snorg (Orc:1)
  Josephine (Orc:1)
  A green death (Abyss:3)
  Fannar (D:12)
  Erolcha (Orc:1)
  2 ice dragons (IceCv)
  A rakshasa (D:15)
  7 boulder beetles
  A vault guard (D:14)
  3 centaur warriors
  2 death knights
  10 hydras
  The ghost of Wogokhlo the Spry, a journeyman FeBe of Trog (Lair:6)
  9 two-headed ogres
  7 death yaks
  2 tengu warriors
  4 orc high priests
  3 thrashing horrors (Abyss:3)
  2 ogre magi
  Sonja (D:12)
  Nergalle (Lair:2)
  A sun demon (Lair:6)
  2 sixfirhies (Abyss:3)
  3 wretched stars (Abyss:3)
  5 unseen horrors
  A glowing orange brain (Abyss:3)
  A wizard (Lair:6)
  5 large abominations (Abyss:3)
  4 wolf spider zombies
  5 orc knights
  A necromancer (Gauntlet)
  6 orc sorcerers
  A salamander (shapeshifter) (D:15)
  3 harpies (D:13)
  26 wolf spiders
  8 ugly things
  21 orb spiders
  A will-o-the-wisp (Abyss:3)
  7 cyclopes
  3 deep elf magi
  An oklob plant (Lair:6)
  3 manticores
  4 moths of wrath
  A worldbinder (Abyss:3)
  7 black mambas
  An apocalypse crab (Abyss:3)
  9 centaur zombies
  2 ice statues (IceCv)
  2 smoke demons (Abyss:3)
  A rust devil (Abyss:3)
  3 elephants
  A guardian serpent (Abyss:3)
  2 torpor snails
  5 gargoyles
  6 orange demons
  16 cane toads
  15 rime drakes
  3 yaktaurs (D:15)
  4 redback zombies
  A hellwing (Lair:6)
  A kobold demonologist (D:12)
  9 komodo dragons
  6 demonic crawlers
  A tengu conjurer (D:13)
  An anaconda simulacrum (Abyss:3)
  2 ancient zymes (Abyss:3)
  An ice devil (Lair:6)
  A red devil (Lair:6)
  7 trolls
  A troll (shapeshifter) (D:15)
  23 jumping spiders
  A queen bee (shapeshifter) (D:14)
  3 polar bears
  4 tarantella zombies (Spider:3)
  6 hornets
  A tyrant leech (D:15)
  3 raiju
  A meliai zombie (D:14)
  9 slime creatures
  10 dream sheep
  25 blink frogs
  4 small abominations (Abyss:3)
  4 shadows
  59 yaks
  39 redbacks
  24 tarantellas
  A vampire (Abyss:3)
  6 wraiths
  7 wyverns
  3 hogs
  A fire bat (Abyss:3)
  A basilisk (shapeshifter) (D:15)
  A human (D:12)
  4 vampire mosquitoes (D:14)
  Eustachio (D:5)
  9 basilisks
  3 neqoxecs (Abyss:3)
  4 steam dragons
  6 swamp worms
  4 acid dragons
  5 soldier ants
  3 hell hounds (Lair:6)
  19 water moccasins
  Duvessa (D:5)
  15 ice beasts
  A necrophage (D:7)
  21 orc warriors
  An eye of draining (shapeshifter) (D:15)
  2 hornet zombies
  17 ogres
  2 phantoms
  4 sky beasts
  2 eyes of draining
  32 wolves
  5 boggarts (D:15)
  20 centaurs
  2 big kobolds
  A wyvern zombie (D:8)
  10 gnoll sergeants
  22 bullfrogs
  2 water moccasin zombies
  3 scorpions
  Dowan (D:5)
  7 killer bees (D:8)
  A water moccasin skeleton (D:8)
  29 wights
  5 howler monkeys
  12 electric eels
  3 bullfrog zombies
  2 quasits
  5 starcursed masses (Abyss:3)
  17 centaur skeletons
  21 hounds
  17 orc priests
  8 gnoll shamans
  A jelly (shapeshifter) (D:15)
  7 jellies
  23 orc wizards
  3 bullfrog skeletons
  Jessica (D:3)
  5 hell rats (Lair:4)
  7 iguanas
  15 worker ants
  A bullfrog simulacrum (D:12)
  2 hound zombies
  6 hound skeletons
  2 worker ant zombies
  34 gnolls
  A howler monkey skeleton (D:10)
  19 adders
  2 shadow imps
  4 white imps
  3 ufetubi
  3 oozes
  An adder skeleton (D:5)
  An adder zombie (D:6)
  A worm (D:4)
  3 dart slugs
  8 leopard geckos
  66 orcs
  A ball python (D:3)
  3 bats
  2 giant cockroaches
  7 goblins
  7 hobgoblins
  16 jackals
  18 kobolds
  6 quokkas
  A ball python skeleton (D:4)
  8 frilled lizards
  A giant cockroach zombie (D:6)
  3 jackal skeletons
  A jackal zombie (D:5)
  A leopard gecko skeleton (D:4)
  2 quokka skeletons
  3 rats
  A lurking horror (Abyss:3)
  A starspawn tentacle (Abyss:3)
1180 creatures vanquished.

Vanquished Creatures (collateral kills)
  A very ugly thing (Abyss:3)
  An orc knight (Orc:1)
  A redback (Spider:1)
  3 yaks (Lair:1)
  A soldier ant (D:8)
  3 orc warriors
  A small abomination (Abyss:3)
  3 centaurs (D:14)
  A wolf (Lair:1)
  A gnoll sergeant (D:10)
  2 orc priests
  An orc wizard (Orc:2)
  A gnoll (D:10)
  An adder (D:8)
  5 orcs
26 creatures vanquished.

Vanquished Creatures (others)
  A sixfirhy (Abyss:3)
  2 yaks (Lair:1)
  2 chaos spawn (Abyss:3)
  4 water moccasins (D:8)
  A swamp drake (shapeshifter) (Abyss:3)
  3 wolves (Lair:1)
  2 killer bees (D:8)
  An orc priest (Orc:2)
  An orc wizard (Orc:2)
  2 worker ants (D:8)
  An orc (Orc:2)
  20 foxfires (Abyss:3)
  26 fungi
  2 lurking horrors (Abyss:3)
  64 plants
  5 starspawn tentacles (Abyss:3)
  A withered plant (Spider:4)
138 creatures vanquished.

Grand Total: 1344 creatures vanquished

Notes
Turn   | Place    | Note
-------+----------+-------------------------------------------
     0 | D:1      | Hank the Minotaur Fighter began the quest for the Orb.
     0 | D:1      | Reached XP level 1. HP: 19/19 MP: 0/0
   224 | D:1      | Reached XP level 2. HP: 27/27 MP: 1/1
  1333 | D:2      | Found a shadowy altar of Dithmenos.
  1401 | D:2      | Reached XP level 3. HP: 27/33 MP: 2/2
  1501 | D:2      | Noticed a scorpion
  1511 | D:2      | Killed a scorpion
  1512 | D:2      | Reached XP level 4. HP: 17/41 MP: 3/3
  2534 | D:3      | Reached skill level 1 in Throwing
  2542 | D:3      | Noticed Jessica
  2550 | D:3      | Reached skill level 5 in Armour
  2552 | D:3      | Reached XP level 5. HP: 47/47 MP: 4/4
  3056 | D:3      | Killed Jessica
  3075 | D:3      | Noticed an ogre
  3085 | D:3      | Killed an ogre
  3086 | D:3      | Reached XP level 6. HP: 42/53 MP: 5/5
  3456 | D:3      | Found a faded altar of an unknown god.
  3952 | D:4      | Reached skill level 5 in Shields
  4096 | D:4      | Reached XP level 7. HP: 57/60 MP: 6/6
  4122 | D:4      | Found a radiant altar of Vehumet.
  4122 | D:4      | Found a snail-covered altar of Cheibriados.
  4130 | D:4      | Found a glowing golden altar of the Shining One.
  4133 | D:4      | Found a faded altar of an unknown god.
  4135 | D:4      | Found a sacrificial altar of Ru.
  4294 | D:4      | Reached skill level 5 in Maces & Flails
  4557 | D:4      | Reached skill level 5 in Fighting
  5102 | D:5      | Entered Level 5 of the Dungeon
  5151 | D:5      | Found a bloodstained altar of Trog.
  5161 | D:5      | Found a white marble altar of Elyvilon.
  5163 | D:5      | Found a burning altar of Makhleb.
  5163 | D:5      | Found a sparkling altar of Nemelex Xobeh.
  5176 | D:5      | Found a broken altar of Ashenzari.
  5339 | D:5      | Reached XP level 8. HP: 68/68 MP: 7/7
  5367 | D:5      | Noticed Dowan
  5379 | D:5      | Killed Dowan
  5398 | D:5      | Noticed Duvessa
  5413 | D:5      | Killed Duvessa
  5414 | D:5      | Reached skill level 1 in Stealth
  6150 | D:5      | Noticed Eustachio
  6174 | D:5      | Killed Eustachio
  6820 | D:6      | Reached skill level 5 in Throwing
  6828 | D:6      | Reached XP level 9. HP: 75/75 MP: 8/8
  7633 | D:7      | Reached skill level 1 in Dodging
  7792 | D:7      | Got a polished whip
  7841 | D:6      | Identified the +1 whip of Inquiry {freeze, rF++} (You found
                  | it on level 7 of the Dungeon)
  7901 | D:7      | Found a staircase to the Ecumenical Temple.
  7913 | Temple   | Entered the Ecumenical Temple
  7929 | Temple   | Became a worshipper of Warmaster Okawaru
  8737 | D:8      | Found a staircase to the Lair.
  8737 | D:8      | Noticed a troll
  8758 | D:8      | Killed a troll
  8758 | D:8      | Reached * piety under Okawaru
  9509 | D:8      | Found Fisymo's Assorted Antiques.
  9593 | D:8      | Reached XP level 10. HP: 57/84 MP: 9/9
  9889 | D:8      | Bought a scroll of teleportation for 72 gold pieces
  9889 | D:8      | Bought a wand of enslavement (8) for 48 gold pieces
 10051 | D:8      | Found a glowing silver altar of Zin.
 10055 | D:8      | Noticed an angel
 10070 | D:8      | Found a shimmering altar of Xom.
 10113 | D:8      | Found the +9 staff of Olgreb {rPois∞}
 10116 | D:8      | Found a runed translucent door.
 10127 | D:8      | Found a runed translucent gate.
 10127 | D:8      | Found a runed translucent gate.
 10128 | D:8      | Found a runed translucent door.
 10141 | D:8      | Found a runed translucent gate.
 10484 | D:8      | Reached ** piety under Okawaru
 10598 | D:8      | Reached skill level 1 in Evocations
 10880 | D:9      | Reached skill level 10 in Maces & Flails
 11015 | D:9      | Found Mimila's Island Escapes.
 11053 | D:9      | Bought a potion of haste for 150 gold pieces
 11053 | D:9      | Bought a scroll of fog for 30 gold pieces
 11053 | D:9      | Bought a scroll of blinking for 112 gold pieces
 11053 | D:9      | Bought a potion of flight for 45 gold pieces
 11053 | D:9      | Bought a scroll of teleportation for 45 gold pieces
 11496 | D:9      | Found a blossoming altar of Fedhas.
 11523 | D:9      | Noticed an oklob plant
 12053 | D:10     | Entered Level 10 of the Dungeon
 12077 | D:10     | Reached skill level 1 in Invocations
 12116 | D:10     | Found a flagged portal.
 12125 | Bailey   | Entered a bailey
 12407 | Bailey   | Paralysed by a gnoll sergeant for 4 turns
 12763 | Bailey   | Reached *** piety under Okawaru
 13468 | D:10     | Reached skill level 10 in Shields
 13852 | D:10     | Found a staircase to the Orcish Mines.
 13930 | D:10     | Noticed a two-headed ogre
 13940 | D:10     | Killed a two-headed ogre
 13941 | D:10     | Reached XP level 11. HP: 88/94 MP: 8/11
 14008 | D:10     | Found Ympegriw's Assorted Antiques.
 14020 | D:10     | Bought a scroll labelled NUMOOZOFYU for 30 gold pieces
 14020 | D:10     | Bought a scroll of identify for 60 gold pieces
 14020 | D:10     | Bought a potion of curing for 90 gold pieces
 14020 | D:10     | Bought a wand of polymorph (10) for 60 gold pieces
 14020 | D:10     | Bought a potion of haste for 300 gold pieces
 14020 | D:10     | Bought a scroll of fog for 60 gold pieces
 14312 | D:10     | Received a gift from Okawaru
 14546 | D:10     | Noticed a lindwurm
 14546 | D:10     | Noticed a lindwurm
 14643 | D:10     | Reached **** piety under Okawaru
 14829 | D:10     | Noticed a two-headed ogre
 15361 | D:10     | Killed a two-headed ogre
 15613 | D:10     | Noticed a lindwurm
 16418 | D:11     | Received a gift from Okawaru
 16598 | D:11     | Noticed a two-headed ogre
 16617 | D:11     | Killed a two-headed ogre
 16617 | D:11     | Received a gift from Okawaru
 16723 | D:11     | Reached ***** piety under Okawaru
 16836 | D:11     | Noticed a deep elf mage
 16843 | D:11     | Killed a deep elf mage
 16844 | D:11     | Reached skill level 10 in Armour
 17235 | D:12     | Noticed Kirke
 17235 | D:12     | Noticed a boulder beetle
 17275 | D:11     | Killed a boulder beetle
 17672 | D:12     | Received a gift from Okawaru
 17677 | D:12     | Reached XP level 12. HP: 97/106 MP: 13/13
 17938 | D:12     | Got a polished quick blade {god gift}
 17966 | D:12     | Killed Kirke
 17967 | D:12     | Reached skill level 10 in Fighting
 17988 | D:12     | Identified the +0 quick blade "Beetlebane" {protect, *Slow
                  | rElec rN+ Dex+5} (Okawaru gifted it to you on level 12 of
                  | the Dungeon)
 18113 | D:12     | Noticed a centaur warrior
 18119 | D:12     | Killed a centaur warrior
 18121 | D:12     | Noticed Fannar
 18130 | D:12     | Killed Fannar
 18130 | D:12     | Received a gift from Okawaru
 18418 | D:12     | Noticed a two-headed ogre
 18425 | D:12     | Killed a two-headed ogre
 18870 | D:12     | Noticed Sonja
 18883 | D:12     | Received a gift from Okawaru
 18884 | D:12     | Noticed a two-headed ogre
 18903 | D:12     | Reached skill level 5 in Invocations
 18905 | D:12     | Killed a two-headed ogre
 18905 | D:12     | Received a gift from Okawaru
 18913 | D:12     | Killed Sonja
 19737 | D:13     | Received a gift from Okawaru
 19883 | D:13     | Noticed a tengu warrior
 19893 | D:13     | Killed a tengu warrior
 19942 | D:13     | Reached XP level 13. HP: 109/116 MP: 15/15
 20103 | D:13     | Received a gift from Okawaru
 21534 | D:13     | Identified a scroll of acquirement
 21534 | D:13     | Acquired a +2 pair of boots of rampaging
 21920 | D:14     | Received a gift from Okawaru
 22104 | D:14     | Received a gift from Okawaru
 22257 | D:14     | Found a gate to the Vaults.
 22445 | D:14     | Found Qigyryv's Magic Scroll Shop.
 22972 | D:14     | Noticed a bone dragon
 22992 | D:14     | Killed a bone dragon
 22993 | D:14     | Reached XP level 14. HP: 123/127 MP: 15/17
 23001 | D:14     | Found the +9 sword of Zonguldrok {reap}
 23500 | D:14     | Bought a scroll of acquirement for 728 gold pieces
 23502 | D:14     | Acquired 646 gold pieces
 23506 | D:14     | Bought a scroll of teleportation for 42 gold pieces
 23506 | D:14     | Bought a scroll of fear for 49 gold pieces
 23506 | D:14     | Bought a scroll of teleportation for 42 gold pieces
 23506 | D:14     | Bought a scroll of identify for 28 gold pieces
 23506 | D:14     | Bought a scroll of fog for 28 gold pieces
 23506 | D:14     | Bought a scroll of summoning for 133 gold pieces
 23627 | D:15     | Entered Level 15 of the Dungeon
 23767 | D:15     | Received a gift from Okawaru
 23849 | D:15     | Got an encrusted scale mail {god gift}
 24042 | D:14     | Identified the +1 scale mail of Indecent Exposure {rElec}
                  | (Okawaru gifted it to you on level 15 of the Dungeon)
 25287 | D:15     | Found a staircase to the Depths.
 25790 | Lair:1   | Entered Level 1 of the Lair of Beasts
 25874 | Lair:1   | Reached skill level 15 in Maces & Flails
 25899 | Lair:1   | Received a gift from Okawaru
 25986 | Lair:1   | Found a frozen archway.
 25998 | IceCv    | Entered an ice cave
 26043 | IceCv    | Received a gift from Okawaru
 27611 | Lair:2   | Reached XP level 15. HP: 137/137 MP: 19/19
 27795 | Lair:2   | Reached skill level 15 in Shields
 28207 | Lair:2   | Noticed Nergalle
 28217 | Lair:2   | Killed Nergalle
 28812 | Lair:3   | Found a hole to the Spider Nest.
 29650 | Lair:4   | Received a gift from Okawaru
 29656 | Lair:4   | Got a transparent hat {god gift}
 29667 | Lair:4   | Identified the +1 hat of the Dropbear {+Blink Str-5 Int+6}
                  | (Okawaru gifted it to you on level 4 of the Lair of Beasts)
 30338 | Lair:4   | Found a staircase to the Swamp.
 31246 | Lair:5   | Found a viscous altar of Jiyva.
 31247 | Lair:5   | Found a staircase to the Slime Pits.
 31834 | Lair:6   | Entered Level 6 of the Lair of Beasts
 31848 | Lair:5   | Received a gift from Okawaru
 31979 | Lair:6   | Reached skill level 15 in Armour
 32079 | Lair:6   | Found a transporter.
 32085 | Lair:6   | Noticed Wogokhlo's ghost (journeyman FeBe)
 32105 | Lair:6   | Found a transporter.
 32267 | Lair:6   | Received a gift from Okawaru
 32333 | Lair:6   | Reached skill level 15 in Fighting
 32426 | Lair:6   | Received a gift from Okawaru
 32624 | Lair:6   | Reached XP level 16. HP: 149/149 MP: 21/21
 32779 | Lair:6   | Received a gift from Okawaru
 32801 | Lair:6   | Found a burning altar of Makhleb.
 32946 | Lair:6   | Found a gateway to Hell.
 33538 | Lair:6   | Killed Wogokhlo's ghost
 33541 | Lair:6   | Got a glittering bone ring
 33608 | Lair:6   | Identified the ring "Kucyfoy" {Ice Will+ Str-5 Int+2} (You
                  | found it on level 6 of the Lair of Beasts)
 33802 | Orc:1    | Entered Level 1 of the Orcish Mines
 33803 | Orc:1    | Noticed Josephine
 33819 | Orc:1    | Killed Josephine
 33971 | Orc:1    | Noticed Erolcha
 33977 | Orc:1    | Killed Erolcha
 34066 | Orc:1    | Found Puughuilin's Distillery.
 34521 | Orc:1    | Bought a potion of berserk rage for 55 gold pieces
 34521 | Orc:1    | Bought a potion of curing for 33 gold pieces
 34521 | Orc:1    | Bought a potion of curing for 33 gold pieces
 34521 | Orc:1    | Bought a potion of might for 44 gold pieces
 34521 | Orc:1    | Bought a potion of resistance for 110 gold pieces
 34521 | Orc:1    | Bought a potion of heal wounds for 55 gold pieces
 34521 | Orc:1    | Bought a potion of curing for 33 gold pieces
 34521 | Orc:1    | Bought a potion of invisibility for 88 gold pieces
 34521 | Orc:1    | Bought a potion of haste for 110 gold pieces
 34530 | Orc:2    | Entered Level 2 of the Orcish Mines
 34542 | Orc:2    | Paralysed by an orc sorcerer for 7 turns
 34766 | Orc:2    | Received a gift from Okawaru
 34767 | Orc:2    | Got a pair of transparent boots {god gift}
 34823 | Orc:2    | Found a staircase to the Elven Halls.
 34830 | Orc:2    | Found a gate leading to a gauntlet.
 34839 | Gauntlet | Entered a Gauntlet
 34839 | Gauntlet | Found a transporter.
 34839 | Gauntlet | Found a transporter.
 34855 | Gauntlet | Identified the +2 pair of boots of the Game Afoot {rC+
                  | rCorr Int+2} (Okawaru gifted it to you on level 2 of the
                  | Orcish Mines)
 34869 | Gauntlet | Found a transporter.
 34877 | Gauntlet | Found a transporter.
 34882 | Gauntlet | Found a transporter.
 34887 | Gauntlet | Found a runed translucent gate.
 34889 | Gauntlet | Found a transporter.
 34890 | Gauntlet | Found a runed translucent gate.
 34891 | Gauntlet | Found a runed translucent gate.
 34906 | Gauntlet | Found a transporter.
 34920 | Gauntlet | Found a transporter.
 34924 | Gauntlet | Found a transporter.
 34932 | Gauntlet | Found a transporter.
 34936 | Gauntlet | Found a transporter.
 34960 | Gauntlet | Found a transporter.
 35237 | Gauntlet | Got a dazzling hat
 35252 | Gauntlet | Identified the +2 hat "Veusar" {Will+} (You found it in a
                  | Gauntlet)
 35315 | Gauntlet | Got a scorched lapis lazuli ring
 35613 | Orc:1    | Identified the ring of Ijouf {rF- Str+3 Int+6 Dex+4} (You
                  | found it in a Gauntlet)
 35769 | Orc:1    | Acquired 935 gold pieces
 36525 | Orc:2    | Found Qazxatz's Antique Weapon Emporium.
 36705 | Orc:2    | Found Utuunusuom's Antique Weapon Shop.
 36706 | Orc:2    | Found Nahekh's Book Emporium.
 36707 | Orc:2    | Found Pyamavonafe's Jewellery Shop.
 37267 | Orc:1    | Noticed Snorg
 37284 | Orc:1    | Killed Snorg
 37630 | Spider:1 | Entered Level 1 of the Spider Nest
 37960 | Spider:1 | Received a gift from Okawaru
 38451 | Spider:1 | Got a slimy glaive
 39388 | Spider:1 | Reached XP level 17. HP: 52/158 MP: 22/22
 39740 | Spider:2 | Received a gift from Okawaru
 39812 | Spider:2 | Noticed Jorgrun
 39825 | Spider:2 | Killed Jorgrun
 40660 | Spider:3 | Got a crystal falchion
 41482 | Spider:4 | Entered Level 4 of the Spider Nest
 42103 | Spider:4 | Found a runed translucent gate.
 42104 | Spider:4 | Found a runed translucent gate.
 42105 | Spider:4 | Found a runed translucent gate.
 42108 | Spider:4 | Noticed Bolleh's ghost (journeyman GnSk)
 42108 | Spider:4 | Noticed Zosacw's ghost (adept HaHu)
 42108 | Spider:4 | Noticed Loreb's ghost (adept MiMo)
 42201 | Spider:3 | Noticed Louise
 42217 | Spider:3 | Received a gift from Okawaru
 42220 | Spider:3 | Cast into level 3 of the Abyss (Louise)
 42414 | Abyss:3  | Gained mutation: You are strong-willed. (Will+) [a
                  | cacodemon]
 42638 | Abyss:3  | Noticed a lich
 42643 | Abyss:3  | Noticed a lich
 42653 | Abyss:3  | Killed a lich
 42658 | Abyss:3  | Killed a lich
 42660 | Abyss:3  | Received a gift from Okawaru
 42677 | Abyss:3  | Gained mutation: You are clumsy. (Dex -2) [a neqoxec]
 42848 | Abyss:3  | Noticed a bone dragon
 42917 | Abyss:3  | Received a gift from Okawaru
 43051 | Abyss:3  | Paralysed by you for 7 turns
 43057 | Abyss:3  | HP: 2/161 [tentacled starspawn (16)]
 43058 | Abyss:3  | Annihilated by a tentacled starspawn

Illustrated notes

Levels and vault maps discovered:
D:1:      erik_arrival_triangle_small, layout_basic, minmay_lizard_pond
D:2:      layout_basic, lemuel_doored_altar, grunt_ministairs_2
D:3:      layout_loops_ring, chequers_ecumenical_altar_lobes, uniq_jessica
D:4:      layout_loops_corners, chequers_temple_overflow_minitemple,
          minmay_box_of_dots
D:5:      layout_basic, minitemple, minmay_misc_feat_columns,
          kennysheep_generic_room_10, uniq_duvessa, uniq_eustachio
D:6:      layout_basic, serial_park_tiny_2, minmay_bent
D:7:      layout_cave_pools, minmay_temple_entry_overgrown, minmay_statues_item,
          minmay_a_box_with_orc_wizards_in_it
D:8:      minmay_goldmine, layout_loops_ring,
          grunt_temple_overflow_order_and_chaos_1, erik_lair_island,
          serial_shops, nicolae_shop_trees,
          minmay_guarded_unrand_staff_of_olgreb
D:9:      layout_irregular_city, tgw_fedhas, ebering_dispersal_statue_hall,
          nicolae_island_escapes
D:10:     layout_big_octagon, serial_gnoll_camp, gnoll_camp_huts_moat,
          gnoll_camp_mini_hut, gnoll_camp_mini_loothouse,
          gnoll_camp_mini_sergeant, serial_shops,
          nicolae_shop_competitors_out_of_business, enter_bailey_8,
          minmay_lindwurm_lava
D:11:     layout_irregular_city, nicolae_water_bricks
D:12:     layout_roguey, minmay_increasing_density, uniq_kirke, uniq_fannar,
          uniq_sonja
D:13:     layout_layer_cave
D:14:     layout_long_grid, david_vaults_5, serial_shops,
          nicolae_shop_waterfront, minmay_misc_feat_four_crosses,
          minmay_guarded_unrand_zonguldrok
D:15:     gammafunk_enter_depths_forms, layout_loops_ring, worms_lemuel
Temple:   pf_slimified_temple
Lair:1:   layout_small_grid, portal_ice_cave_rime,
          chequers_serial_rivers_small_3, infiniplex_staircase_pool
Lair:2:   layout_layer_cave, chequers_serial_rivers_small_b, grunt_megastairs_2,
          uniq_nergalle
Lair:3:   layout_gridlike, spider_nest_entry_a
Lair:4:   layout_loops_ring, nicolae_swamp_entry_splash_gauntlet, special_room
          [special_room_mythical_zoo]
Lair:5:   layout_cave_pods, slime_altar_1, serial_bayou_shore_b,
          grunt_megastairs_4
Lair:6:   evil_forest, layout_cave_shapes, gammafunk_ghost_berserking_beasts,
          lemuel_fruit_tree
Spider:1: layout_chambers, hangedman_spider_tarantella_strand
Spider:2: layout_spider_delve, uniq_jorgrun
Spider:3: lemuel_spider_zombies, spiders_nest_the_unseen,
          nicolae_spider_cling_halls, uniq_louise
Spider:4: spider_rune_water, gammafunk_ghost_cemetery, uniq_donald
Orc:1:    layout_caves, serial_shops, nicolae_shop_trees, uniq_snorg,
          uniq_josephine, uniq_erolcha
Orc:2:    st_orc_elflike, layout_caves, gauntlet_entry_generic,
          guppyfry_library_mini
Abyss:3:  base: D:13, nicolae_abyss_rune_star_stuff,
          hangedman_abyss_or_decor_clamps, bh_abyss_negative,
          evilmike_nicolae_abyss_rune_betentacled_crabyss,
          hangedman_relentless_pull, due_evilmike_abyss_rune_seething_liches,
          due_evilmike_abyss_rune_seething_liches, hangedman_elemental_corridor,
          evilmike_abyss_exit_13, evilmike_abyss_exit_7,
          hangedman_abyss_batty_box, evilmike_abyss_rune_tso_outpost,
          due_exit_kobolds, due_exit_kobolds, doesnt_abyss_rune_brain_food,
          hangedman_abyss_mock_shop, grunt_abyss_rune_forest_and_sorcery

Skill      XL: |  1  2  3  4  5  6  7  8  9 10 11 12 13 14 15 16 17 |
---------------+----------------------------------------------------+-----
Armour         | 4 5 6 7 8 10 11 13 14 15 16 17 | 17.4
Fighting       | 4 5 6 8 9 11 12 13 15 16 17 | 17.2
Maces & Flails | 3 4 6 8 9 10 11 13 14 15 16 17 18 | 18.2
Shields        | 4 5 6 8 10 11 12 13 14 16 17 18 | 18.0
Throwing       | 1 2 3 5 6 7 8 |  8.4
Stealth        | 2 |  2.2
Dodging        | 1 3 |  3.3
Evocations     | 1 2 3 |  3.4
Invocations    | 2 3 5 6 7 8 |  8.2

Action                   |  1- 3 |  4- 6 |  7- 9 | 10-12 | 13-15 | 16-18 || total
-------------------------+-------+-------+-------+-------+-------+-------++-------
Melee: Flail             |    54 |   146 |   261 |       |       |       ||   461
       Headbutt          |     8 |    29 |   101 |   326 |   373 |   227 ||  1064
       Whip              |       |       |   138 |   744 |       |       ||   882
       Morningstar       |       |       |       |   217 |  1275 |   961 ||  2453
       Unarmed           |       |       |       |    10 |       |       ||    10
Throw: Stone             |     9 |    43 |    41 |     3 |       |       ||    96
       Dart              |       |     7 |     1 |     2 |    23 |    13 ||    46
       Javelin           |       |       |    36 |     3 |    14 |    37 ||    90
       Boomerang         |       |       |       |   131 |   172 |   360 ||   663
       Throwing net      |       |       |       |    15 |     8 |     8 ||    31
Invok: Heroism           |       |       |       |    17 |    18 |    24 ||    59
       Finesse           |       |       |       |       |     1 |       ||     1
 Abil: Evoke Flight      |       |       |       |     1 |       |     1 ||     2
Evoke: Wand              |       |       |    11 |    94 |    13 |     1 ||   119
       Lightning rod     |       |       |       |    10 |    19 |    13 ||    42
       Box of beasts     |       |       |       |     1 |     5 |     5 ||    11
       Phial of floods   |       |       |       |       |       |     5 ||     5
       Phantom mirror    |       |       |       |       |       |     3 ||     3
  Use: Scroll            |     3 |    13 |    13 |    11 |    12 |    20 ||    72
       Potion            |       |     1 |       |     3 |     3 |    19 ||    26
 Stab: Paralysed         |       |       |    13 |    17 |       |       ||    30
       Held in net/web   |       |       |       |     6 |     5 |     1 ||    12
       Invisible         |       |       |       |       |    12 |     5 ||    17
Armor: Chain mail        |    14 |    50 |    95 |    10 |       |       ||   169
       Scale mail        |     9 |       |       |       |       |       ||     9
       Crystal plate arm |       |       |       |   155 |   490 |   479 ||  1124
       Fire dragon scale |       |       |       |    26 |       |       ||    26
Dodge: Dodged            |    12 |    32 |    50 |   156 |   312 |   282 ||   844
Block: Kite shield       |    17 |    65 |   277 |   557 |   318 |       ||  1234
       Tower shield      |       |       |       |       |   898 |  1185 ||  2083
       Reflection        |       |       |       |       |       |    10 ||    10
